 Dungeon Crawl Stone Soup version 0.25.0-41-g26779e291d (webtiles) character file.

Game seed: 6838472363755748149

1306 Ethylacetat the Spear-Bearer (level 8, -5/57 HPs)
             Began as an Octopode Gladiator on July 10, 2020.
             Was an Initiate of Okawaru.
             Killed from afar by an orc wizard (8 damage)
             ... with a magic dart
             ... on level 6 of the Dungeon.
             The game lasted 00:07:49 (6220 turns).

Ethylacetat the Spear-Bearer (Octopode Gladiator)   Turns: 6220, Time: 00:07:50

Health: -5/57      AC:  1    Str: 16    XL:     8   Next: 57%
Magic:  17/17      EV: 14    Int:  6    God:    Okawaru [......]
Gold:   121        SH:  5    Dex: 13    Spells: 7/7 levels left

rFire    . . .     SeeInvis .   j - +4 quarterstaff (chaos)
rCold    + . .     Gourm    .   (shield currently unavailable)
rNeg     . . .     Faith    .   b - +0 hat
rPois    +         Spirit   .   q - amulet of reflection
rElec    .         Reflect  +   k - -4 ring of intelligence (curse)
rCorr    .         Harm     .   s - ring of protection from cold
MR       .....                  u - ring of magical power
Stlth    ++........             A - ring of poison resistance
HPRegen  0.19/turn              (no ring)
MPRegen  0.15/turn              (no ring)
                                (no ring)
                                (no ring)

@: slowed, very slow
A: almost no armour, stealthy swim, amphibious, 8 rings, constrict 8, camouflage
1, gelatinous body 1
a: Renounce Religion


You were on level 6 of the Dungeon.
You worshipped Okawaru.
Okawaru was noncommittal.
You were not hungry.

You visited 2 branches of the dungeon, and saw 7 of its levels.

You collected 191 gold pieces.
You spent 70 gold pieces at shops.

Inventory:

Hand Weapons
 a - a +0 trident
 j - a +4 quarterstaff of chaos (weapon)
Missiles
 c - 5 throwing nets (quivered)
Armour
 b - a +0 hat (worn)
Jewellery
 k - a cursed -4 ring of intelligence (left tentacle)
 q - an amulet of reflection (around mantle)
 s - a ring of protection from cold (right tentacle)
 u - a ring of magical power (on tentacle)
 y - an uncursed amulet of guardian spirit
 A - a ring of poison resistance (on tentacle)
Wands
 z - a wand of random effects (19)
 B - a wand of enslavement (12)
Scrolls
 f - a scroll of random uselessness {unknown}
 l - a scroll of enchant armour {unknown}
 o - 3 scrolls of amnesia {unknown}
 r - 4 scrolls of remove curse
 t - 13 scrolls of identify
 v - a scroll of fear {unknown}
 x - 3 scrolls of enchant weapon {unknown}
 D - a scroll of magic mapping {unknown}
Potions
 e - 2 potions of heal wounds {unknown}
 g - a potion of might {unknown}
 h - a potion of stabbing {unknown}
 i - 3 potions of degeneration {unknown}
 m - a potion of curing {unknown}
 n - 2 potions of cancellation {unknown}
 p - a potion of invisibility {unknown}
 w - a potion of magic {unknown}
Comestibles
 d - 13 rations


   Skills:
 + Level 6.1 Fighting
 * Level 8.9 Polearms
 - Level 2.0 Throwing
 - Level 3.0 Dodging


You had 7 spell levels left.
You didn't know any spells.
Your spell library contained the following spells:

 Spells                   Type           Power        Failure   Level  Hunger
 Sting                    Tmut/Pois      #...         45%         1    ##.....
 Poisonous Vapours        Pois/Air       #.....       58%         2    ###....
 Ignite Poison            Fire/Tmut/Pois #.......     83%         3    ####...
 Mephitic Cloud           Conj/Pois/Air  #.......     83%         3    ####...
 Olgreb's Toxic Radiance  Pois           #.......     99%         4    #####..


Dungeon Overview and Level Annotations

Branches:
Dungeon (6/15)             Temple (1/1) D:5

Altars:
Ashenzari
Cheibriados
Elyvilon
Gozag
Makhleb
Okawaru
Ru
Trog
Uskayaw
Wu Jian
Xom

Shops:
D:4 ?


Innate Abilities, Weirdness & Mutations

You cannot wear most types of armour.
You are very stealthy in the water. (Stealth+)
You are amphibious.
You can wear up to eight rings at the same time.
You can use your tentacles to constrict eight enemies at once.
Your skin changes colour to match your surroundings (Stealth+).
Your rubbery body absorbs attacks. (AC +1, EV +1)


Message History

No target in view!
The orc wizard casts a spell.
The orc wizard seems to speed up.
The orc priest mumbles some strange prayers to Beogh against you.
Beogh smites you!
The orc wizard points at you and mumbles some strange words.
You feel yourself slow down. The orc wizard casts a spell at you.
You feel as though you will be slow longer.
The orc priest mumbles some strange prayers to Beogh against you.
Beogh smites you!
The orc wizard points at you and mumbles some strange words.
The magic dart hits you!
* * * LOW HITPOINT WARNING * * *
The orc wizard points at you and mumbles some strange words.
The magic dart hits you!
* * * LOW HITPOINT WARNING * * *
The orc wizard points at you and mumbles some strange words.
The magic dart hits you!
You die...

#.......## #........## #.
#.........# #.# #########
#.........# #.. ........#
#.....#.#.### #.. #######.#
#.#.###...... #.? #.#
#.#<......... #..
#.########.#..###..###
...#########..o.@...#.........#
#.†........o#######.#....####.#
#..##....................####.#
#..
#.#####.######............###
#.. #.# #.# #..####.###.....
#.. #(# #.# #..####.###.####


ooo #.# #^# #..............# .#o #.# #.# #.######.#####.# ... #.# #.# #.# ####.#
# You could see an orc priest and an orc wizard (fast).

Vanquished Creatures
  A hornet (D:5)
  Sigmund (D:3)
  An ice beast (D:5)
  2 phantoms
  An ogre (D:4)
  A howler monkey (D:4)
  A crimson imp (D:6)
  A bullfrog zombie (D:5)
  2 hounds
  Crazy Yiuf (D:2)
  A bullfrog skeleton (D:4)
  Terence (D:2)
  An iguana (D:6)
  An orc wizard (D:5)
  A hound skeleton (D:5)
  A howler monkey skeleton (D:4)
  7 gnolls (D:5)
  8 adders
  3 shadow imps
  An adder skeleton (D:5)
  4 worms
  A dart slug (D:2)
  8 leopard geckos
  5 orcs
  7 bats
  5 giant cockroaches
  7 goblins
  4 hobgoblins
  12 jackals
  3 quokkas
  3 ball pythons
  A ball python skeleton (D:4)
  5 frilled lizards
  4 kobolds
  A quokka zombie (D:5)
  8 rats
115 creatures vanquished.

Notes
Turn   | Place    | Note
-------+----------+-------------------------------------------
     0 | D:1      | Ethylacetat the Octopode Gladiator began the quest for the
                  | Orb.
     0 | D:1      | Reached XP level 1. HP: 14/14 MP: 1/1
   151 | D:1      | Reached XP level 2. HP: 19/19 MP: 2/2
   878 | D:1      | Reached XP level 3. HP: 25/25 MP: 3/3
  1144 | D:2      | Found a runed translucent door.
  1145 | D:2      | Noticed Crazy Yiuf
  1329 | D:2      | Noticed Terence
  1339 | D:2      | Killed Terence
  1339 | D:2      | Reached skill level 4 in Polearms
  1339 | D:2      | Reached XP level 4. HP: 30/30 MP: 4/4
  1842 | D:2      | Killed Crazy Yiuf
  2152 | D:3      | Reached XP level 5. HP: 36/36 MP: 5/5
  2421 | D:3      | Reached skill level 5 in Polearms
  2544 | D:3      | Noticed Sigmund
  2550 | D:3      | Killed Sigmund
  2550 | D:3      | Reached XP level 6. HP: 16/43 MP: 6/6
  2810 | D:3      | Reached skill level 6 in Polearms
  2957 | D:4      | Found a hide-covered altar of Uskayaw.
  3010 | D:4      | Noticed a phantom
  3022 | D:4      | HP: 1/43 [phantom (10)]
  3352 | D:4      | Found a faded altar of an unknown god.
  3352 | D:4      | Found a burning altar of Makhleb.
  3357 | D:4      | Found a faded altar of an unknown god.
  3359 | D:4      | Found a bloodstained altar of Trog.
  3360 | D:4      | Found an ornate altar of the Wu Jian Council.
  3404 | D:4      | Reached XP level 7. HP: 49/49 MP: 7/7
  3422 | D:4      | Found Fahirphotz's Magic Scroll Boutique.
  3545 | D:4      | Bought a scroll of remove curse for 42 gold pieces
  3545 | D:4      | Bought a scroll of identify for 28 gold pieces
  3790 | D:4      | Reached skill level 7 in Polearms
  4478 | D:5      | Entered Level 5 of the Dungeon
  4508 | D:5      | Reached skill level 5 in Fighting
  5052 | D:5      | Noticed a hornet
  5066 | D:5      | Killed a hornet
  5066 | D:5      | Reached skill level 8 in Polearms
  5066 | D:5      | Reached XP level 8. HP: 27/56 MP: 8/8
  5827 | D:5      | Found a staircase to the Ecumenical Temple.
  5832 | Temple   | Entered the Ecumenical Temple
  5859 | Temple   | Became a worshipper of Warmaster Okawaru
  6220 | D:6      | Killed from afar by an orc wizard

Illustrated notes

Levels and vault maps discovered:
D:1:      dpeg_arrival_prison, layout_basic, minmay_misc_feat_ornament
D:2:      layout_loops_ring, supply_closet_lemuel, minmay_misc_feat_plants,
          minmay_tiny_reverse_x, uniq_crazy_yiuf_cottage, uniq_terence
D:3:      layout_basic, first_ration, uniq_sigmund
D:4:      layout_loops_ring, overflow_temple_1_default,
          chequers_temple_overflow_minitemple, serial_shops, shop,
          grunt_decor_arrowhead
D:5:      layout_basic, minmay_temple_entry_nine_rooms
D:6:      layout_loops_ring, led_sif_pool, uniq_edmund
Temple:   hc_temple_tempest_star

Skill      XL: |  1  2  3  4  5  6  7  8 |
---------------+-------------------------+-----
Polearms       | 4 5 6 8 |  8.9
Fighting       | 3 4 5 6 |  6.1
Throwing       | |  2.0
Dodging        | |  3.0

Action                   |  1- 3 |  4- 6 |  7- 9 || total
-------------------------+-------+-------+-------++-------
Melee: Trident           |    62 |    21 |       ||    83
       Constrict         |    16 |    13 |    20 ||    49
       Tentacles         |    10 |    10 |    17 ||    37
       Quarterstaff      |       |    52 |   119 ||   171
 Stab: Sleeping          |    10 |    10 |     5 ||    25
       Distracted        |       |       |     1 ||     1
  Eat: Chunk             |     1 |     6 |     6 ||    13
       Ration            |       |       |     1 ||     1
Armor: Skin              |     4 |     2 |     3 ||     9
Dodge: Dodged            |    27 |    28 |    65 ||   120
Block: Other             |       |    10 |    18 ||    28
